 Dungeon Sprint DCSS version 0.27.0-1-g7a089689b8 (webtiles) character file.

Game seed: 17838502652120042282

46 styxcanada the Covert (level 3, -1/19 HPs)
             Began as a Spriggan Brigand on Aug 18, 2021.
             Slain by a wolf (4 damage)
             ... in the Dungeon (Sprint III: "The Ten Rune Challenge").
             The game lasted 00:00:56 (60 turns).

styxcanada the Covert (Spriggan Brigand)              Turns: 60, Time: 00:00:56

Health: -1/19      AC:  3    Str:  7    XL:     3   Next: 46%
Magic:  4/4        EV: 18    Int: 12    God:
Gold:   0          SH:  0    Dex: 17    Spells: 2/2 levels left

rFire    . . .     SeeInvis +   a - +2 dagger
rCold    . . .     Faith    .   (shield restricted)
rNeg     . . .     Spirit   .   b - +0 robe
rPois    .         Reflect  .   (helmet restricted)
rElec    .         Harm     .   c - +0 cloak
rCorr    .         Rampage  .   (gloves unavailable)
Will     .....     NoTele   +   (boots unavailable)
Stlth    +++++.....             (no amulet)
HPRegen  0.06/turn              (no ring)
MPRegen  0.09/turn              (no ring)

@: very quick
A: very small, no large weapons, unfitting armour, see invisible, speed 3
a: no special abilities


You were in the Dungeon.
You visited 1 branch

Inventory:

Hand Weapons
 a - a +2 dagger (weapon)
Missiles
 d - a poisoned dart (quivered)
 e - 2 curare-tipped darts
Armour
 b - a +0 robe (worn)
 c - a +0 cloak (worn)
Scrolls
 k - a scroll of blinking
Potions
 f - a potion of curing
 g - a potion of heal wounds
 h - a potion of haste
 i - 2 potions of magic
 j - a potion of berserk rage


   Skills:
 * Level 2.3 Fighting
 + Level 2.6 Short Blades
 + Level 2.3 Throwing
 * Level 3.2 Dodging
 * Level 10.6 Stealth


You had 2 spell levels left.
You didn't know any spells.
Your spell library was empty.

Dungeon Overview and Level Annotations

Branches:
Dungeon (1/1)

Altars:


Innate Abilities, Weirdness & Mutations

You are very small and have problems with some larger weapons.
You are too small for most types of armour.
You have supernaturally acute eyesight. (SInv)
You cover ground extremely quickly. (Speed+++)


Message History

Aim: a wolf (44% to hit)
You throw a poisoned dart. The poisoned dart hits the wolf.
The wolf is poisoned.
Throw: 7 darts (poison)
Press: ? - help, Q - select action, (/) - cycle Shift-Dir - straight line, f/p - wolf
Aim: a wolf (lightly wounded, poisoned, 44% to hit)
You throw a poisoned dart. The poisoned dart misses the wolf.
Throw: 6 darts (poison)
Press: ? - help, Q - select action, (/) - cycle Shift-Dir - straight line, f/p - wolf
Aim: a wolf (moderately wounded, poisoned, 44% to hit)
You throw a poisoned dart.
The poisoned dart barely misses the wolf.
The wolf barely misses you.
Throw: 5 darts (poison)
Press: ? - help, Q - select action, (/) - cycle Shift-Dir - straight line, f/p - wolf
Aim: a wolf (moderately wounded, poisoned, 44% to hit)
You throw a poisoned dart.
The poisoned dart closely misses the wolf.
The wolf closely misses you. The wolf misses you.
Throw: 4 darts (poison)
Press: ? - help, Q - select action, (/) - cycle Shift-Dir - straight line, f/p - wolf
Aim: a wolf (moderately wounded, poisoned, 44% to hit)
You throw a poisoned dart.
The poisoned dart barely misses the wolf.
The wolf barely misses you.
Throw: 3 darts (poison)
Press: ? - help, Q - select action, (/) - cycle Shift-Dir - straight line, f/p - wolf
Aim: a wolf (heavily wounded, poisoned, 44% to hit)
You throw a poisoned dart.
The poisoned dart closely misses the wolf.
The wolf looks more healthy.
The wolf bites you! The wolf barely misses you.
Throw: 2 darts (poison)
Press: ? - help, Q - select action, (/) - cycle Shift-Dir - straight line, f/p - wolf
Aim: a wolf (heavily wounded, 44% to hit)
You throw a poisoned dart.
The poisoned dart closely misses the wolf.
The wolf bites you!
* * * LOW HITPOINT WARNING * * *
The wolf bites you.
You die...

▓.....#(...≈.♣♣ .#
▓.....#...≈≈... .#
▓....[#..≈≈≈≈♣♣♣♣.+
▓####'#..≈≈≈≈≈≈♣..#
▓[....#.≈≈≈≈≈≈....#
▓.†.).#.≈≈≈≈≈.....#
▓.....#.≈≈≈....†..#
▓'#####...........#
▓.@h.....(........#
▓▓▓▓▓▓▓▓▓▓▓▓▓▓▓▓▓▓▓


You could see a wolf.

Vanquished Creatures
  Jessica (D)
  A human (D)
  An endoplasm (D)
  2 rats (D)
5 creatures vanquished.

Vanquished Creatures (others)
  A plant (D)
1 creature vanquished.

Grand Total: 6 creatures vanquished

Notes
Turn   | Place    | Note
-------+----------+-------------------------------------------
     0 | D        | styxcanada the Spriggan Brigand began the quest for the
                  | Orb.
     0 | D        | Reached XP level 1. HP: 10/10 MP: 2/2
     5 | D        | Reached skill level 6 in Stealth
    10 | D        | Noticed Jessica
    13 | D        | Killed Jessica
    14 | D        | Reached skill level 9 in Stealth
    14 | D        | Reached XP level 2. HP: 15/15 MP: 3/3
    16 | D        | Reached XP level 3. HP: 18/18 MP: 4/4
    35 | D        | Reached skill level 10 in Stealth
    60 | D        | Slain by a wolf

Illustrated notes

Levels and vault maps discovered:
D:        dungeon_sprint_mu [sprint_mu_entry_forest, sprint_mu_temple_rooms,
          sprint_mu_d1_spiders, sprint_mu_d2_genie, sprint_mu_d3_branching,
          sprint_mu_orc_legion, sprint_mu_elf_gauntlet, sprint_mu_hive_nellie,
          sprint_mu_lair_fedhas, sprint_mu_vaults_butterflies,
          sprint_mu_slime_circle, sprint_mu_swamp_cave, sprint_mu_shoals_kraken,
          sprint_mu_blade_basic, sprint_mu_crypt_fortress,
          sprint_mu_tomb_spiral, sprint_mu_vestibule_basic,
          sprint_mu_gehenna_hellfire, sprint_mu_dis_giant,
          sprint_mu_tartarus_statrot, sprint_mu_cocytus_islands, sprint_mu_zot1]

Skill      XL: |  1  2  3 |
---------------+----------+-----
Stealth        | 9 10 | 10.6
Fighting       | 2 |  2.3
Dodging        | 2 3 |  3.2
Short Blades   | |  2.6
Throwing       | |  2.3

Action                   || total
-------------------------++-------
Melee: Dagger            ||     6
Throw: Dart              ||     7
 Stab: Sleeping          ||     4
Dodge: Dodged            ||     6
